AoeStats
← rooniet

Baltic

510380419Analyzed
2v2 RM · 2d ago on Sep 30, 2026· 74m 26s· 4 players
Game mode
Random Map
Map size
Medium (4 player)
Population
200
Speed
Normal
Resources
Standard
Victory
Conquest
Starting age
Dark Age
Ending age
Imperial Age
RankedLock teamsTeams togetherTeam positionsShared explorationLock speedFull tech treeHidden civsTurbo modeCheats
Victory
Defeat
🇦🇷 Italians · Argentina
1002
+16
🇦🇷 Japanese · Argentina
1001
+16
🇲🇽 Teutons · Mexico
993
-16
🇨🇱 Persians · Chile
991
-16
Kronohx
13:02 Feudal Age
12:42 Loom
13:32 Double-Bit Axe
13:29 Fishing Lines
13:34 Horse Collar
16:28 Gold Mining
21:12 Castle Age
19:05 Fletching
19:16 Padded Archer Armor
20:23 Forging
20:18 Scale Barding Armor
21:40 Crossbowman
23:23 Bodkin Arrow
26:25 Ballistics
25:57 Guard Tower
28:48 Wheelbarrow
28:58 Masonry
34:48 Imperial Age
61:06 Thumb Ring
61:20 Leather Archer Armor
61:42 Iron Casting
61:30 Chain Barding Armor
62:33 Ring Archer Armor
64:01 Chemistry
63:56 Kamandaran
64:17 Conscription
64:36 Iron Casting
64:22 Chain Barding Armor
65:12 Architecture
64:30 Cavalier
65:11 Husbandry
65:22 Bloodlines
65:48 Hand Cart
65:19 Town Watch
71:42 Town Patrol
73:07 Blast Furnace
72:07 Scale Mail Armor
rooniet
7:34 Loom
10:22 Feudal Age
10:48 Double-Bit Axe
10:47 Horse Collar
12:19 Town Watch
21:45 Castle Age
20:04 Fletching
20:28 Forging
22:40 Bow Saw
22:33 Heavy Plow
22:50 Stone Mining
22:50 Gold Mining
23:45 Guard Tower
24:15 Ballistics
24:38 Bodkin Arrow
28:40 Ballistics
28:55 Heated Shot
29:33 Ironclad
32:18 Imperial Age
31:11 Padded Archer Armor
31:48 Iron Casting
34:35 Two-Man Saw
35:05 Keep
37:09 Chemistry
36:35 Pikeman
37:15 Squires
37:19 Scale Mail Armor
38:53 Blast Furnace
40:01 Chain Mail Armor
40:02 Leather Archer Armor
41:48 Elite Skirmisher
50:34 Plate Mail Armor
49:30 Halberdier
53:16 Crenellations
64:49 Arrowslits
Tobianot
6:27 Loom
10:49 Feudal Age
13:58 Double-Bit Axe
14:53 Horse Collar
14:57 Fishing Lines
17:26 Castle Age
17:26 Fletching
21:05 Medium Warships
21:31 Bow Saw
21:28 Town Watch
24:31 Careening
27:50 Ballistics
28:19 Bodkin Arrow
28:24 Gold Mining
32:35 Imperial Age
32:16 Wheelbarrow
33:05 Padded Archer Armor
34:16 Chemistry
34:39 Leather Archer Armor
35:08 Bracer
36:02 Conscription
36:17 Dry Dock
36:50 Stone Mining
37:52 Bloodlines
39:13 Hand Cart
40:49 Ring Archer Armor
40:09 Light Cavalry
43:44 Hussar
45:44 Scale Barding Armor
45:49 Forging
47:55 Town Patrol
49:35 Chain Barding Armor
49:50 Iron Casting
49:34 Heavy Plow
53:14 Husbandry
54:38 Elite Cannon Galleon
56:18 Elite Genoese Crossbowman
59:37 Two-Man Saw
62:35 Capped Ram
64:08 Masonry
64:11 Clinker Construction
64:22 Bombard Tower
63:48 Arrowslits
63:59 Gillnets
68:27 Thumb Ring
67:42 Elite Skirmisher
Larichi
5:41 Loom
12:34 Feudal Age
16:59 Castle Age
15:34 Double-Bit Axe
16:52 Forging
18:15 Medium Warships
28:10 Gold Mining
28:11 Stone Mining
30:25 Iron Casting
31:19 Bow Saw
34:31 Imperial Age
31:26 Elite Skirmisher
33:15 Wheelbarrow
32:26 Town Watch
33:23 Fletching
35:21 Bloodlines
37:26 Husbandry
37:06 Cavalier
39:51 Two-Man Saw
39:22 Scale Barding Armor
40:18 Blast Furnace
40:12 Horse Collar
41:49 Chemistry
41:14 Ballistics
41:50 Hand Cart
41:36 Town Patrol
41:56 Elite Samurai
47:42 Elite Cannon Galleon
50:15 Heavy Plow
51:16 Chain Barding Armor
51:00 Capped Ram
59:18 Light Cavalry
63:40 Bodkin Arrow
68:07 Guard Tower
68:28 Fortified Wall
68:13 Murder Holes
68:24 Siege Engineers
68:05 Arrowslits
68:01 Treadmill Crane
68:32 Masonry
68:28 Bracer
68:30 Scale Mail Armor
68:30 Padded Archer Armor
Connection lost

Rejoining the realm…

Still unreachable

The connection could not be restored.

Session expired

The server has moved on; the page needs a fresh start.